 Dungeon Crawl Stone Soup version 0.20-b1-14-g8425815 (webtiles) character file.

3819 Mesmaeker13 the Grappler (level 10, -8/104 HPs)
             Began as an Ogre Transmuter on May 23, 2017.
             Mangled by a hornet (15 damage)
             ... on level 8 of the Dungeon.
             The game lasted 00:25:21 (10579 turns).

Mesmaeker13 the Grappler (Ogre Transmuter)         Turns: 10579, Time: 00:25:21

Health: -8/104     AC:  6    Str: 20    XL:     10   Next: 17%
Magic:  13/13      EV: 13    Int: 15    God:
Gold:   274        SH:  0    Dex: 14    Spells: 7/13 levels left

rFire    . . .     SeeInvis .     - Unarmed
rCold    + . .     Gourm    .   (no shield)
rNeg     . . .     Faith    .   v - +0 steam dragon scales
rPois    .         Spirit   .   (helmet restricted)
rElec    .         Reflect  .   U - scarf {repulsion}
rCorr    .         Harm     .   (gloves unavailable)
MR       +....                  (boots unavailable)
Stlth    +.........             (no amulet)
Regen    0.3/turn               X - +5 ring of dexterity
MPRegen  0.2/turn               R - ring of protection from cold

@: slowed, repel missiles, very slow
A: unfitting armour, talons 1, strong 1, tough skin 1
a: no special abilities


You were on level 8 of the Dungeon.
You were not hungry.

You visited 2 branches of the dungeon, and saw 10 of its levels.
You also visited: Sewer.

You collected 442 gold pieces.
You spent 168 gold pieces at shops.

Inventory:

Hand Weapons
 b - a +1 flail of crushing
Missiles
 a - 129 arrows
 O - 2 javelins (quivered)
Armour
 v - +0 steam dragon scales (worn)
 U - a scarf of repulsion (worn)
Jewellery
 m - an uncursed ring of wizardry
 x - an uncursed ring of wizardry
 F - an uncursed amulet of faith
 R - a ring of protection from cold (right hand)
 X - a +5 ring of dexterity (left hand)
Wands
 r - a wand of acid (0/15)
 S - a wand of confusion (1/48)
 T - a wand of lightning (0/15)
 V - a wand of polymorph (10/24)
Scrolls
 j - 3 scrolls of fog
 l - 3 scrolls of amnesia
 n - a scroll of blinking
 o - a scroll of noise
 q - a scroll of magic mapping
 s - 2 scrolls of recharging
 u - a scroll of enchant weapon
 z - 4 scrolls of teleportation
 D - 2 scrolls of fear {unknown}
 E - a scroll of immolation {unknown}
 G - 3 scrolls of identify
 J - 2 scrolls of remove curse
 P - a scroll of random uselessness {unknown}
 Q - a scroll of enchant armour {unknown}
Potions
 e - a potion of lignification {unknown}
 f - 4 potions of agility
 i - 3 potions of haste {unknown}
 k - 3 potions of flight
 p - 2 potions of mutation
 t - a potion of curing
 w - 4 potions of heal wounds
 B - 2 potions of degeneration {unknown}
 C - 3 potions of might
 I - a potion of magic {unknown}
 M - a potion of invisibility {unknown}
 N - a potion of ambrosia {unknown}
 W - a potion of cancellation {unknown}
Books
 c - a book of Changes

   Spells                             Type                      Level
   a - Beastly Appendage              Transmutation                1
   b - Sticks to Snakes               Transmutation                2
   c - Spider Form                    Transmutation/Poison         3
   d - Ice Form                       Ice/Transmutation            4
   e - Blade Hands                    Transmutation                5
 A - a book of Conjurations

   Spells                             Type                      Level
   a - Magic Dart                     Conjuration                  1
   b - Searing Ray                    Conjuration                  2
   c - Dazzling Spray                 Conjuration/Hexes            3
   d - Fulminant Prism                Conjuration/Hexes            4
   e - Force Lance                    Conjuration/Translocation    4
   f - Iskenderun's Mystic Blast      Conjuration                  4
Comestibles
 d - 5 bread rations
 g - 3 royal jellies
 h - 4 meat rations
 H - 3 fruits
 K - 3 chunks of flesh


   Skills:
 + Level 7.7 Fighting
 + Level 5.9 Dodging
 - Level 0.1 Stealth
 + Level 8.1 Unarmed Combat
 - Level 2.4 Spellcasting
 + Level 6.2 Transmutations
 - Level 3.7 Poison Magic


You had 7 spell levels left.
You knew the following spells:

 Your Spells              Type           Power        Failure   Level  Hunger
a - Beastly Appendage     Tmut           ###...       1%          1    #......
b - Sticks to Snakes      Tmut           ###.....     2%          2    ###....
c - Spider Form           Tmut/Pois      ###.......   9%          3    ###....


Dungeon Overview and Level Annotations

Branches:
Dungeon (9/15)             Temple (1/1) D:5            Lair (0/6) D:9
    Orc: D:9-12

Altars:
Ashenzari
Cheibriados
Dithmenos
Elyvilon
Fedhas
Gozag
Hepliaklqana
Kikubaaqudgha
Makhleb
Nemelex Xobeh
Okawaru
Ru
Sif Muna
Trog
Uskayaw
Vehumet
Xom
Yredelemnul
Zin
The Shining One

Shops:
D:5 =   D:7 [


Innate Abilities, Weirdness & Mutations

You are too large for most types of armour.
You have tough skin. (AC +1)
You have sharp toenails.
Your muscles are strong. (Str +2)


Message History

Unknown command.
Evoke which item? (* to show all) (? for menu, Esc to quit)
Aiming: Confuse (will waste charges)
Press: ? - help, Shift-Dir - straight line, f/p - hornet
Aim: a hornet (almost dead, covered in acid, chance to defeat MR: 37%)
The hornet appears confused.
Evoking this partially-identified wand wasted a few charges.
The hornet barely misses you. The hornet misses you.
The hornet barely misses something.
The hornet stings something!
You feel a bit more experienced.
The hornet is no longer covered in acid.
Evoke which item? (* to show all) (? for menu, Esc to quit)
Aiming: Confuse (will waste charges)
Press: ? - help, Shift-Dir - straight line, f/p - hornet
Aim: a hornet (severely wounded, chance to defeat MR: 37%)
The hornet easily resists.
Evoking this partially-identified wand wasted a few charges.
The hornet stings you!
You die...

####### ######## ##...y.##
.......####### #....#..#
####.........########.###.###
#.#.#####....@y....# #†##
#.#.# #..##########.#.# #.#.#
#..# #.#.## #.#.# #..# ##a#
#.#.# #..#########y# ##.#.#
#..........## ###.#..#
#...#######. ...###.# #...#
###.#..# ##...####### ###


You could see a hornet.

Vanquished Creatures
  Maurice (D:8)
  A hornet (D:8)
  2 hippogriffs (D:7)
  A soldier ant (D:8)
  An orc warrior (D:6)
  An ice beast (D:6)
  A sky beast (D:5)
  2 necrophages
  A black bear (D:5)
  4 centaurs
  3 big kobolds (Sewer)
  5 bullfrogs
  Dowan (D:7)
  A scorpion (D:6)
  3 crimson imps
  4 hounds
  A bullfrog skeleton (D:5)
  An orc priest (D:6)
  A jelly (D:8)
  A centaur skeleton (D:5)
  Jessica (D:2)
  An iguana (D:4)
  9 orc wizards
  8 worker ants
  A killer bee zombie (D:8)
  A hound zombie (D:5)
  2 hound skeletons
  4 gnolls
  9 adders
  4 river rats (D:3)
  A shadow imp (D:7)
  4 oozes
  2 adder skeletons (D:6)
  9 worms
  2 dart slugs
  6 leopard geckos
  31 orcs
  4 ball pythons
  9 giant cockroaches
  12 goblins
  9 hobgoblins
  10 jackals
  A quokka (D:5)
  9 bats
  6 frilled lizards
  A giant cockroach zombie (D:6)
  A jackal skeleton (D:5)
  18 kobolds
  A leopard gecko skeleton (D:4)
  A quokka zombie (D:5)
  15 rats
228 creatures vanquished.

Vanquished Creatures (collateral kills)
  Duvessa (D:7)
  A hound (D:6)
  A worker ant (D:8)
  Robin (D:2)
  2 adders
  An orc (D:6)
  A ball python (Sewer)
8 creatures vanquished.

Vanquished Creatures (others)
  A sky beast (D:5)
  A hobgoblin (D:2)
2 creatures vanquished.

Grand Total: 238 creatures vanquished

Notes
Turn   | Place    | Note
-------+----------+-------------------------------------------
     0 | D:1      | Mesmaeker13 the Ogre Transmuter began the quest for the Orb.
     0 | D:1      | Reached XP level 1. HP: 19/19 MP: 3/3
    76 | D:1      | Reached skill level 3 in Unarmed Combat
    76 | D:1      | Reached XP level 2. HP: 10/27 MP: 5/5
   263 | D:1      | Learned a level 2 spell: Sticks to Snakes
   807 | D:2      | Noticed Robin
   824 | D:1      | Reached XP level 3. HP: 30/35 MP: 4/6
  1030 | D:2      | Found a blossoming altar of Fedhas.
  1099 | D:2      | Found a white marble altar of Elyvilon.
  1189 | D:2      | Killed Robin
  1223 | D:2      | Noticed Jessica
  1241 | D:2      | Killed Jessica
  1241 | D:2      | Reached XP level 4. HP: 33/44 MP: 2/7
  1827 | D:2      | Gained mutation: You occasionally shout uncontrollably at your foes. [potion of mutation]
  1827 | D:2      | Gained mutation: You have sharp toenails. [potion of mutation]
  2067 | D:2      | Found an iron altar of Okawaru.
  2206 | D:2      | Found a basalt altar of Yredelemnul.
  2268 | D:3      | Reached XP level 5. HP: 47/50 MP: 8/8
  2324 | D:3      | Reached skill level 4 in Unarmed Combat
  2375 | D:3      | Found a glowing drain.
  2389 | Sewer    | Entered a sewer
  2524 | Sewer    | Noticed a big kobold
  2524 | Sewer    | Noticed a big kobold
  2536 | Sewer    | Killed a big kobold
  2536 | Sewer    | Reached XP level 6. HP: 49/59 MP: 6/9
  2743 | D:3      | Reached skill level 5 in Unarmed Combat
  2920 | D:3      | Noticed a necrophage
  2948 | D:3      | Killed a necrophage
  2948 | D:3      | Reached XP level 7. HP: 8/67 MP: 10/10
  3930 | D:4      | Found an ancient bone altar of Kikubaaqudgha.
  3933 | D:4      | Found a radiant altar of Vehumet.
  4112 | D:4      | Found a bloodstained altar of Trog.
  4123 | D:4      | Learned a level 3 spell: Spider Form
  5065 | D:4      | Reached skill level 6 in Unarmed Combat
  5157 | D:4      | Found a glowing silver altar of Zin.
  5396 | D:5      | Entered Level 5 of the Dungeon
  5396 | D:5      | Found Vudae's Jewellery Boutique.
  5509 | D:4      | Reached skill level 1 in Poison Magic
  5810 | D:5      | Reached XP level 8. HP: 78/78 MP: 11/11
  5838 | D:5      | Found a staircase to the Ecumenical Temple.
  5849 | Temple   | Entered the Ecumenical Temple
  6162 | D:5      | Found a shattered altar of Ashenzari.
  6817 | D:5      | Found a hazy altar of Hepliaklqana.
  6823 | D:5      | Found a shadowy altar of Dithmenos.
  6826 | D:5      | Found a burning altar of Makhleb.
  6998 | D:6      | Reached skill level 5 in Fighting
  6998 | D:6      | Reached skill level 7 in Unarmed Combat
  7061 | D:6      | Reached XP level 9. HP: 79/88 MP: 12/12
  7416 | D:6      | Found an opulent altar of Gozag.
  7750 | D:6      | Reached skill level 5 in Transmutations
  8498 | D:7      | Found Azauzic's Antique Armour Emporium.
  8513 | D:7      | Bought an embroidered scarf for 168 gold pieces
  8735 | D:7      | Reached skill level 5 in Dodging
  8747 | D:7      | Noticed Duvessa
  8748 | D:7      | Noticed Dowan
  8766 | D:7      | Killed Duvessa
  8770 | D:7      | Killed Dowan
 10020 | D:8      | Lost mutation: You have sharp toenails. [potion of mutation]
 10020 | D:8      | Lost mutation: You occasionally shout uncontrollably at your foes. [potion of mutation]
 10020 | D:8      | Gained mutation: Your muscles are strong. (Str +2) [potion of mutation]
 10020 | D:8      | Gained mutation: You have sharp toenails. [potion of mutation]
 10056 | D:8      | Noticed Maurice
 10060 | D:9      | Found a staircase to the Lair.
 10060 | D:9      | Noticed a death yak
 10066 | D:9      | Noticed a death yak
 10066 | D:9      | Noticed a death yak
 10102 | D:8      | Killed Maurice
 10102 | D:8      | Reached skill level 8 in Unarmed Combat
 10102 | D:8      | Reached XP level 10. HP: 100/102 MP: 4/13
 10233 | D:8      | Found a sacrificial altar of Ru.
 10551 | D:8      | Paralysed by a hornet for 1 turns
 10562 | D:8      | Paralysed by a hornet for 1 turns
 10568 | D:8      | HP: 3/104 [hornet (7)]
 10579 | D:8      | Mangled by a hornet

Skill      XL: |  1  2  3  4  5  6  7  8  9 |
---------------+----------------------------+-----
Dodging        | 2 3 4 5 |  5.9
Unarmed Combat | 3 4 5 6 7 8 |  8.1
Transmutations | 2 3 4 6 |  6.2
Fighting       | 2 3 5 7 |  7.7
Poison Magic   | 1 2 3 |  3.7
Stealth        | |  0.1
Spellcasting   | |  2.4

Action                   |  1- 3 |  4- 6 |  7- 9 | 10-12 || total
-------------------------+-------+-------+-------+-------++-------
Melee: Unarmed           |    91 |   318 |   508 |    13 ||   930
       Kick              |     6 |    60 |   128 |     4 ||   198
       Headbutt          |       |    18 |    89 |     2 ||   109
       Punch             |       |     2 |    15 |       ||    17
 Cast: Beastly Appendage |    12 |    28 |    58 |     4 ||   102
       Sticks to Snakes  |     4 |     3 |    12 |       ||    19
       Spider Form       |       |       |     2 |       ||     2
Evoke: Wand              |       |       |     2 |    14 ||    16
  Use: Scroll            |     2 |     2 |    10 |       ||    14
       Potion            |       |     3 |     4 |     4 ||    11
 Stab: Confused          |       |       |     1 |       ||     1
  Eat: Chunk             |     1 |     7 |    15 |     3 ||    26
       Bread ration      |       |       |     2 |       ||     2
Armor: Robe              |    25 |    19 |       |       ||    44
       Steam dragon scal |       |   106 |   162 |     5 ||   273
Dodge: Dodged            |    42 |   179 |   281 |    31 ||   533
       Deflected         |       |       |     1 |       ||     1
